 Dungeon Crawl Stone Soup version 0.29.1-14-g9c671dbff4 (webtiles) character file.

Game seed: 11404279589746303993

46 Barneous the Charlatan (level 3, -2/24 HPs)
             Began as a Human Wanderer on Feb 16, 2023.
             Slain by a gnoll
             ... wielding a +0 flail
              (10 damage)
             ... on level 1 of the Dungeon.
             The game lasted 00:05:43 (1885 turns).

Barneous the Charlatan (Human Wanderer)             Turns: 1885, Time: 00:05:43

Health: -2/24      AC:  3    Str: 15    XL:     3   Next: 95%
Magic:  5/6        EV: 10    Int: 13    God:
Gold:   46         SH:  8    Dex: 10    Spells: 5/6 levels left

rFire   . . .      SeeInvis +   f - +1 dagger
rCold   . . .      Faith    .   b - +0 buckler
rNeg    . . .      Spirit   .   d - +0 leather armour
rPois   .          Reflect  +   (no helmet)
rElec   .          Harm     .   (no cloak)
rCorr   .          Rampage  .   (no gloves)
Will    .....                   (no boots)
Stlth   +.........              j - amulet of reflection
HPRegen 0.08/turn               a - ring of flight
MPRegen 0.10/turn               i - ring of see invisible

@: flying
A: no striking features
a: no special abilities


You were on level 1 of the Dungeon.
You visited 1 branch of the dungeon, and saw 2 of its levels.

You collected 46 gold pieces.

Inventory:

Hand Weapons
 f - a +1 dagger (weapon)
Armour
 b - a +0 buckler (worn)
 d - a +0 leather armour (worn)
Jewellery
 a - a ring of flight (left hand)
 i - a ring of see invisible (right hand)
 j - an amulet of reflection (around neck)
Wands
 e - a wand of roots (4)
 h - a wand of paralysis (8)
Scrolls
 c - a scroll of blinking
Potions
 k - a potion of curing


   Skills:
 + Level 1.5 Throwing
 + Level 1.5 Shields
 + Level 2.3 Spellcasting
 + Level 1.6 Poison Magic
 + Level 1.7 Invocations
 + Level 4.2 Evocations


You had 5 spell levels left.
You knew the following spells:

 Your Spells              Type           Power      Damage    Failure   Level
a - Sting                 Tmut/Pois      12%        1d3       30%         1

Your spell library contained the following spells:

 Spells                   Type           Power      Damage    Failure   Level
 Mephitic Cloud           Conj/Pois/Air  2%         N/A       69%         3


Dungeon Overview and Level Annotations

Branches:
Dungeon (2/15)

Altars:


Message History

You feel better. You block the gnoll's attack.
There is a stone staircase leading up here.
The gnoll closely misses you.
You fly upwards.
There is a stone staircase leading down here.
Aiming: Sting (safe; 30% risk of failure)
Press: ? - help, Q - select action, (/) - cycle Shift-Dir - straight line, f - gnoll
Aim: a gnoll, wielding a +0 whip (moderately wounded, 69% to hit)
The sting hits the gnoll.
The gnoll is poisoned.
The gnoll is heavily wounded.
The gnoll hits you with a +0 whip.
* * * LOW HITPOINT WARNING * * *
You hit the gnoll but do no damage.
The gnoll is heavily wounded.
You block the gnoll's attack.
You hit the gnoll but do no damage.
The gnoll is heavily wounded.
You block the gnoll's attack.
You hit the gnoll but do no damage.
The gnoll is severely wounded.
The gnoll barely misses you.
You hit the gnoll.
You kill the gnoll!
You start resting.
Magic restored.
You start resting.
HP restored.
You fly downwards.
The gnoll hits you with a +0 flail!
There is a stone staircase leading up here.
Aiming: Sting (safe; 30% risk of failure)
Press: ? - help, Q - select action, (/) - cycle Shift-Dir - straight line, f - gnoll
Aim: a gnoll, wielding a +0 flail (69% to hit)
The sting misses the gnoll.
The sting hits the gnoll.
The gnoll is poisoned.
The gnoll is lightly wounded.
The gnoll completely misses you. The gnoll hits you with a +0 flail!
You fly upwards.
There is a stone staircase leading down, spattered with blood here.
You barely miss the gnoll. The gnoll hits you with a +0 flail!
You die...

.##..#..≈~..#.....#.#.......#
..####.~~~.##.#.#.#.##########
#..#.##...###.#.#.#..........#
##...###.####...#.##########.#
##...#####.#..##.# #.#
##..#####.#..##.# #.#
##.......#.....# #.#
#######.#.##).# #.# #.#.##@g#
#.# #.#.##..# #.# #.#.###.#
#.# #.#.# #.# #.# #.#.# #.#
#.# #.#.# #># #.#
###########.#[##############.#
............#................#
##############################


You could see a gnoll.

Vanquished Creatures
  2 gnolls (D:1)
  A dart slug (D:1)
  An endoplasm (D:1)
  2 giant cockroaches (D:1)
  3 goblins (D:1)
  A hobgoblin (D:1)
  A quokka (D:1)
  4 ball pythons (D:1)
  4 bats (D:1)
  A frilled lizard (D:1)
  A kobold (D:1)
  5 rats (D:1)
26 creatures vanquished.

Notes
Turn   | Place    | Note
-------+----------+-------------------------------------------
     0 | D:1      | Barneous the Human Wanderer began the quest for the Orb.
     0 | D:1      | Barneous set off with the following items: a +0 club, a +0
                  | buckler, a scroll of blinking, a +0 leather armour, a wand
                  | of roots (4); and the following spell memorised: Sting; and
                  | the following spells available to memorise: Mephitic Cloud.
     0 | D:1      | Reached XP level 1. HP: 13/13 MP: 3/3
   275 | D:1      | Reached XP level 2. HP: 17/19 MP: 5/5
   827 | D:1      | Reached XP level 3. HP: 22/24 MP: 2/6
  1322 | D:1      | Found a faded altar of an unknown god.
  1885 | D:1      | Slain by a gnoll

Illustrated notes

Levels and vault maps discovered:
D:1:      dpeg_arrival_subterranean_lakeside_camping, layout_basic,
          hellmonk_ecumenical_altar_lost_god
D:2:      layout_basic

Action                   || total
-------------------------++-------
Melee: Dagger            ||    94
       Club              ||     3
 Cast: Sting             ||    23
  Use: Scroll            ||     2
       Potion            ||     2
Armor: Leather armour    ||    31
Dodge: Dodged            ||    54
Block: Buckler           ||    23
